 Dungeon Crawl Stone Soup version 0.29-a0-838-g385bb11a5b (webtiles) character file.

Game seed: 331179791989609847

44 gruber the Conjurer (level 3, -2/17 (19) HPs)
             Began as a Tengu Conjurer on July 13, 2022.
             Slain by Crazy Yiuf
             ... wielding a +2 quarterstaff of chaos
              (7 damage)
             ... on level 2 of the Dungeon.
             The game lasted 00:00:39 (1285 turns).

gruber the Conjurer (Tengu Conjurer)                Turns: 1285, Time: 00:00:39

HP:   -2/17 (19)    AC:  2    Str:  7    XL:     3   Next: 60%
MP:   3/7           EV: 12    Int: 20    God:
Gold: 42            SH:  0    Dex: 12    Spells: 3/6 levels left

rFire   . . .      SeeInvis .   (no weapon)
rCold   . . .      Faith    .   (no shield)
rNeg    . . .      Spirit   .   a - +0 robe
rPois   .          Reflect  .   (helmet restricted)
rElec   .          Harm     .   (no cloak)
rCorr   .          Rampage  .   (no gloves)
Will    .....                   (boots unavailable)
Stlth   ++........              (no amulet)
HPRegen 0.05/turn               (no ring)
MPRegen 0.10/turn               (no ring)

@: heavily drained
A: beak, talons 3
a: no special abilities


You were on level 2 of the Dungeon.
You visited 1 branch of the dungeon, and saw 2 of its levels.

You collected 42 gold pieces.

Inventory:

Armour
 a - a +0 robe (worn)
Scrolls
 c - 2 scrolls of teleportation {unknown}
 d - a scroll of identify {unknown}
 f - a scroll of noise {unknown}
 g - a scroll of torment {unknown}
Potions
 b - a potion of magic
 e - 2 potions of cancellation {unknown}
 h - a potion of curing {unknown}
 i - a potion of haste {unknown}


   Skills:
 - Level 2.1 Dodging
 - Level 2.0 Stealth
 + Level 2.2 Spellcasting
 + Level 6.8 Conjurations


You had 3 spell levels left.
You knew the following spells:

 Your Spells              Type           Power      Damage    Failure   Level
a - Magic Dart            Conj           100%       1d8       1%          1
b - Searing Ray           Conj           58%        2d6       1%          2

Your spell library contained the following spells:

 Spells                   Type           Power      Damage    Failure   Level
 Dazzling Flash           Conj/Hex       30%        N/A       12%         3
 Fulminant Prism          Conj/Hex       7%         3d7       36%         4
 Iskenderun's Mystic Bla  Conj/Tloc      15%        2d5       36%         4


Dungeon Overview and Level Annotations

Branches:
Dungeon (2/15)

Altars:

Annotations:
D:2 Crazy Yiuf


Innate Abilities, Weirdness & Mutations

You have a beak for a mouth.
You have claws for feet.


Message History

The magic dart hits the quokka.
You kill the quokka!
Found a hammer.
You can't see any susceptible monsters within range! (Use Z to cast anyway.)
Found two hammers.
You can't see any susceptible monsters within range! (Use Z to cast anyway.)
You see here a +0 hammer.
Found seven hammers.
Found a runed translucent door.
You see here a +0 hammer.
You can't see any susceptible monsters within range! (Use Z to cast anyway.)
Found a hammer.
You see here a +0 hammer.
You can't see any susceptible monsters within range! (Use Z to cast anyway.)
You see here a +0 hammer.
Found three hammers.
Crazy Yiuf shouts!
You see here a +0 hammer.
You can't see any susceptible monsters within range! (Use Z to cast anyway.)
You open the door.
Casting: Magic Dart (safe; 1% risk of failure)
Confirm with . or Enter, or press ? or * to list all spells.
Aiming: Searing Ray (safe; 1% risk of failure)
Press: ? - help, Shift-Dir - straight line, f - Crazy Yiuf
Aim: Crazy Yiuf, wielding a +2 quarterstaff of chaos and wearing a +0 cloak (82% to hit)
The searing ray hits Crazy Yiuf.
Crazy Yiuf is lightly wounded. (Press . to maintain the ray.) Unknown command.
The searing ray hits Crazy Yiuf.
Crazy Yiuf is heavily wounded.
Crazy Yiuf says, "Crazy?
Crazy!?
PORCUPINE!"
Crazy Yiuf hits you with a +2 quarterstaff of chaos!
Ouch! That really hurt!
You feel drained.
* * * LOW HITPOINT WARNING * * *
Unknown command.
The searing ray hits Crazy Yiuf.
Crazy Yiuf is heavily wounded.
Crazy Yiuf hits you with a +2 quarterstaff of chaos!
You die...

####........##.......##.#
...........############.#
#.##.#.#.#.# #.#
.....#.....# ##### #.#
..##.###.#.# #).)# #.#
####.# <### #)))# #.# #
#.# # ))) #.# . ..# #g#
#.## ## ### ♣♣@♣ #..#
♣)♣♣ ##.# ♣♣)♣ ###.# ♣)♣♣
#.#.# ♣♣)♣♣ #...# ♣)..♣♣
#.### ♣....♣ #.# #....#
#.# #....####.#


You could see Crazy Yiuf.

Vanquished Creatures
  A gnoll (D:1)
  An adder (D:2)
  A ball python (D:2)
  3 endoplasms
  3 giant cockroaches (D:1)
  2 hobgoblins
  2 kobolds (D:1)
  A quokka (D:2)
  2 bats (D:1)
  3 frilled lizards
  3 goblins (D:1)
  A rat (D:1)
23 creatures vanquished.

Vanquished Creatures (others)
  4 plants (D:1)
4 creatures vanquished.

Grand Total: 27 creatures vanquished

Notes
Turn   | Place    | Note
-------+----------+-------------------------------------------
     0 | D:1      | gruber the Tengu Conjurer began the quest for the Orb.
     0 | D:1      | Reached XP level 1. HP: 10/10 MP: 4/4
   196 | D:1      | Reached skill level 6 in Conjurations
   196 | D:1      | Reached XP level 2. HP: 15/15 MP: 1/6
   413 | D:1      | Found a faded altar of an unknown god.
   647 | D:1      | Reached XP level 3. HP: 19/19 MP: 4/7
   947 | D:1      | Learned a level 2 spell: Searing Ray
  1278 | D:2      | Found a runed translucent door.
  1279 | D:2      | Noticed Crazy Yiuf
  1285 | D:2      | Slain by Crazy Yiuf

Illustrated notes

Levels and vault maps discovered:
D:1:      ncdulo_halloftheorcs, layout_loops_cross,
          shapermc_ecumenical_altar_gd, nicolae_grassy_gnolls
D:2:      layout_loops_cross, nicolae_hexahallways, minmay_ruptured,
          uniq_crazy_yiuf_cottage

Skill      XL: |  1 |
---------------+----+-----
Conjurations   | 6 |  6.8
Dodging        | |  2.1
Stealth        | |  2.0
Spellcasting   | |  2.2

Action                   || total
-------------------------++-------
 Cast: Magic Dart        ||    42
       Searing Ray       ||     1

Table legend: (Time is in decaauts)
 A = Elapsed time spent in this place.
 B = Non-inter-level travel time spent in this place.
 C = Inter-level travel time spent in this place.
 D = Time resting spent in this place.
 E = Time spent auto-exploring this place.
 F = Levels seen in this place.
 G = Mean time per level.
                   A        B        C        D        E       F      G
               +--------+--------+--------+--------+--------+-----+--------+
         Total |   1284 |   1221 |     63 |      0 |   1097 |   2 |  642.0 |
       Dungeon |   1284 |   1221 |     63 |      0 |   1097 |   2 |  642.0 |
               +--------+--------+--------+--------+--------+-----+--------+

Top non-repeatable levels by time:
     D:1: 1010 daAuts
     D:2: 274 daAuts
